 Dungeon Crawl Stone Soup version 0.16.2-12-gd0ad4c3 (webtiles) character file.

12810 Meamyr the Nimble (level 12, -12/65 HPs)
             Began as a Kobold Berserker on Oct 22, 2015.
             Was a High Priest of Trog.
             Killed by divine providence
             ... invoked by an orc priest
              (14 damage)
             ... on level 4 of the Orcish Mines on Oct 23, 2015.
             The game lasted 04:10:19 (16480 turns).

Meamyr the Nimble (Kobold Berserker)               Turns: 16480, Time: 04:10:21

Health: -12/65     AC: 13    Str: 20    XL:     12   Next: 24%
Magic:  21/21      EV: 28    Int:  5    God:    Trog [*****.]
Gold:   972        SH:  0    Dex: 23    Spells: 0 memorised, 11 levels left

rFire  . . .     SeeInvis .     t - +4 dagger
rCold  . . .     Clarity  .     Y - +2 leather armour {rN+}
rNeg   + . .     SustAb   .     (no shield)
rPois  .         Gourm    .     z - +0 helmet
rElec  .         Spirit   .     A - +2 cloak {MR+}
rCorr  .         Warding  .     K - +0 pair of gloves
rMut   .         Stasis   .     S - +1 pair of boots
MR     +....                    (no amulet)
Stlth  ++++++....               g - +4 ring of strength
                                H - +3 ring of dexterity

@: exhausted, about to teleport, slowed, very slow, somewhat resistant to
hostile enchantments, very stealthy
A: carnivore 3, frail 1
a: Burn Spellbooks, Berserk, Trog's Hand, Brothers in Arms, Renounce Religion


You were on level 4 of the Orcish Mines.
You worshipped Trog.
Trog was extremely pleased with you.
You were full.

You visited 2 branches of the dungeon, and saw 15 of its levels.

You collected 1586 gold pieces.
You spent 520 gold pieces at shops.

Inventory:

Hand weapons
 r - a +1 rapier of protection
 t - a +4 dagger (weapon)
 X - a +2 dagger of freezing
 Z - a +0 blowgun
Missiles
 i - 8 tomahawks of returning (quivered)
 w - 7 curare-tipped needles
 x - 4 needles of sleeping
 T - 8 needles of slowing
Armour
 y - a troll hide
 z - a +0 helmet (worn)
 A - a +2 cloak of magic resistance (worn)
 K - a +0 pair of gloves (worn)
 N - the +2 ring mail of Amorality {rC+}
   (You found it on level 4 of the Dungeon)

   It protects you from cold.
 S - a +1 pair of boots (worn)
 Y - a +2 leather armour of positive energy (worn)
Jewellery
 g - a +4 ring of strength (right hand)
 H - a +3 ring of dexterity (left hand)
Magical devices
 b - a wand of flame (13)
 l - a wand of polymorph (6)
 O - a wand of teleportation (0)
Scrolls
 h - 2 scrolls of amnesia {unknown}
 j - a scroll of magic mapping {unknown}
 k - 7 scrolls of remove curse
 m - 2 scrolls of enchant armour
 s - 3 scrolls of teleportation
 v - 3 scrolls of immolation
 C - a scroll of recharging {unknown}
 D - a scroll of blinking {unknown}
 G - a scroll of enchant weapon {unknown}
 L - a scroll of fog
 R - a scroll of brand weapon {unknown}
Potions
 a - a potion of invisibility {unknown}
 d - a potion of brilliance {unknown}
 o - a potion of agility {unknown}
 p - 2 potions of curing
 q - a potion of cancellation
 u - a potion of restore abilities {unknown}
 B - 2 potions of mutation
 E - a potion of ambrosia {unknown}
 F - 2 potions of might
 J - 2 potions of magic
 M - a potion of degeneration {unknown}
 U - a potion of heal wounds {unknown}
 V - a potion of lignification
Books
 e - a book of Ice

   Spells                             Type                      Level
   a - Ice Form                       Ice/Transmutation            4
   b - Metabolic Englaciation         Hexes/Ice                    5
   c - Ozocubu's Refrigeration        Ice                          6
   d - Bolt of Cold                   Conjuration/Ice              6
   e - Freezing Cloud                 Conjuration/Ice/Air          6
   f - Simulacrum                     Ice/Necromancy               6
   Trog disapproves of the use of such an item.
Miscellaneous
 P - a plain deck of wonders {drawn: 4}
Comestibles
 c - 7 meat rations
 f - 13 slices of pizza
 n - 2 royal jellies
 W - 2 beef jerkies


   Skills:
 + Level 8.1 Fighting
 + Level 10.1 Short Blades
 + Level 4.4 Throwing
 + Level 5.9 Armour
 + Level 12.1 Dodging
 + Level 12.1 Stealth
 + Level 6.0 Evocations


You had 11 spell levels left.
You didn't know any spells.

Dungeon Overview and Level Annotations

Branches:
Dungeon (11/15)            Temple (0/1) D:4             Orc (4/4) D:10
    Elf (0/3) Orc:3
   Lair: D:8-11

Altars:
Ashenzari
Elyvilon
Makhleb
Nemelex Xobeh
Okawaru
Trog

Shops:
D:10 *   Orc:1 =

Annotations:
Orc:1 shop:RMut


Innate Abilities, Weirdness & Mutations

You are small and have problems with some larger weapons.
You are carnivorous and can eat meat at any time.
You are frail (-10% HP).


Message History

The orc priest calls down the wrath of Beogh upon you.
Something smites you!
* * * LOW HITPOINT WARNING * * *
Remove which piece of jewellery? (? for menu, Esc to quit)
Okay, then.
Read which item? (? for menu, Esc to quit)
As you read the scroll of teleportation, it crumbles to dust.
You feel strangely unstable.
Your ogre hits the ogre with a giant club!!
The ogre dies!
Trog accepts your kill.
The orc priest prays to Beogh.
You feel troubled.
The orc priest calls down the wrath of Beogh upon you.
Something smites you!
* * * LOW HITPOINT WARNING * * *
The warg bites your ogre!
The orc priest invokes the aid of Beogh against you.
Something smites you!
You die...

...#.....#...)))....###
#.#.....#...[<)......#
.'o.o..#...))).......
#.o...#.........#...
#oooo.#........#....
###o###......###....
#.)h†.......###..##.
#..O........##..####
##.@.......##### #
#.......### #.......#
#.........# #..........
#.#.$......
###......... ###.....


You could see a warg, 4 orc priests, 2 orcs and a friendly ogre (berserk).

Vanquished Creatures
  An unseen horror (D:10)
  Pikel (D:7)
  2 orc sorcerers (Orc:3)
  Maurice (Orc:2)
  A troll (Orc:4)
  2 two-headed ogres
  A hog (D:7)
  Eustachio (D:7)
  8 yaks (D:10)
  A human (D:7)
  A steam dragon (D:10)
  Menkaure (D:7)
  A warg (Orc:3)
  A water moccasin (D:9)
  A wasp (D:8)
  A centaur (D:8)
  A phantom (D:8)
  14 orc warriors
  A sky beast (D:8)
  2 ice beasts (D:9)
  A crocodile (D:10)
  6 ogres
  A big kobold (D:9)
  5 giant frogs
  4 scorpions
  16 killer bees
  A water moccasin skeleton (D:10)
  A troll zombie (D:10)
  2 giant frog zombies
  20 orc priests
  4 hounds
  4 crimson imps
  4 jellies
  4 iguanas
  A centaur zombie (D:5)
  30 orc wizards
  7 worker ants
  3 sheep (D:7)
  A killer bee zombie (D:8)
  3 ogre zombies (D:10)
  A worker ant zombie (D:5)
  5 gnolls
  13 adders
  A shadow imp (D:9)
  A giant mite (D:4)
  3 worms
  An adder skeleton (D:5)
  6 giant geckos
  152 orcs
  3 ball pythons
  18 bats
  A bat zombie (D:5)
  26 goblins
  15 hobgoblins
  8 jackals
  6 quokkas
  2 giant cockroaches
  3 giant newts
  A goblin skeleton (D:10)
  5 goblin zombies (D:10)
  A hobgoblin skeleton (D:10)
  2 hobgoblin zombies (D:10)
  A jackal zombie (D:8)
  16 kobolds
  9 orc zombies
  A quokka skeleton (D:4)
  10 rats
472 creatures vanquished.

Vanquished Creatures (collateral kills)
  A troll (D:9)
  A two-headed ogre (Orc:4)
  A hill giant zombie (D:10)
  3 phantoms (D:10)
  6 orc warriors
  7 ogres
  3 giant frogs
  A scorpion (D:7)
  5 orc priests
  5 orc wizards
  An ogre zombie (D:10)
  A gnoll (D:7)
  A shadow imp (D:8)
  An adder (D:8)
  2 adder skeletons
  2 giant geckos (D:7)
  46 orcs
  A hobgoblin (Orc:2)
  A hobgoblin zombie (D:10)
  2 jackals (D:7)
  An orc skeleton (D:10)
  2 rats
94 creatures vanquished.

Vanquished Creatures (others)
  A big kobold (D:8)
  A sky beast (D:7)
  A giant frog (D:7)
  An adder (D:7)
  A kobold (D:9)
5 creatures vanquished.

Grand Total: 571 creatures vanquished

Notes
Turn   | Place    | Note
--------------------------------------------------------------
     0 | D:1      | Meamyr, the Kobold Berserker, began the quest for the Orb.
     0 | D:1      | Reached XP level 1. HP: 14/14 MP: 1/1
   311 | D:1      | Reached XP level 2. HP: 10/19 MP: 2/2
   752 | D:2      | Reached XP level 3. HP: 24/24 MP: 3/3
  1497 | D:3      | Acquired Trog's second power
  1599 | D:2      | Reached XP level 4. HP: 22/29 MP: 4/4
  1924 | D:2      | Reached skill level 1 in Stealth
  2824 | D:3      | Reached skill level 5 in Short Blades
  2824 | D:3      | Reached XP level 5. HP: 12/33 MP: 5/5
  3736 | D:4      | Found a staircase to the Ecumenical Temple.
  3744 | D:4      | Reached XP level 6. HP: 39/39 MP: 6/6
  3976 | D:5      | Entered Level 5 of the Dungeon
  4014 | D:4      | Reached skill level 5 in Dodging
  4148 | D:4      | Got a bloodstained ring mail
  4482 | D:4      | Found a white marble altar of Elyvilon.
  4492 | D:4      | Reached XP level 7. HP: 38/44 MP: 7/7
  4595 | D:4      | Found a sparkling altar of Nemelex Xobeh.
  5028 | D:5      | Reached skill level 1 in Throwing
  5239 | D:5      | Reached skill level 6 in Short Blades
  5350 | D:5      | Received a gift from Trog
  5616 | D:5      | Gained mutation: You are frail (-10% HP). [helix card]
  5617 | D:5      | Hired Secaz the big kobold for 82 gold.
  5621 | D:5      | Reached skill level 5 in Fighting
  5621 | D:5      | Reached XP level 8. HP: 41/44 MP: 8/8
  5626 | D:5      | Found a burning altar of Makhleb.
  5832 | D:5      | Found a bloodstained altar of Trog.
  5954 | D:7      | Reached skill level 5 in Stealth
  6030 | D:7      | Identified the +2 ring mail of Amorality {rC+} (You found it on level 4 of the Dungeon)
  6435 | D:7      | Got a scorched leather armour
  6477 | D:7      | Noticed Pikel
  6492 | D:7      | Killed Pikel
  6492 | D:7      | Reached skill level 7 in Dodging
  6518 | D:7      | Reached XP level 9. HP: 36/48 MP: 12/12
  6565 | D:7      | Found a shattered altar of Ashenzari.
  6725 | D:7      | Noticed Eustachio
  6743 | D:7      | Killed Eustachio
  6746 | D:7      | Acquired Trog's third power
  6979 | D:7      | Noticed Menkaure
  6988 | D:7      | Killed Menkaure
  6988 | D:7      | Reached skill level 8 in Dodging
  7565 | D:8      | Identified the cursed -7 leather armour "Khymezoq" {Str+6} (You found it on level 7 of the Dungeon)
  7635 | D:8      | Reached skill level 5 in Evocations
  7953 | D:8      | Received a gift from Trog
  8057 | D:8      | Reached skill level 9 in Dodging
  8060 | D:8      | Reached XP level 10. HP: 26/54 MP: 18/18
  8115 | D:8      | Your ally Secaz died
  9369 | D:9      | Found an iron altar of Okawaru.
  9950 | D:10     | Entered Level 10 of the Dungeon
 10088 | D:10     | Reached skill level 10 in Stealth
 10101 | D:10     | Received a gift from Trog
 10207 | D:10     | Found a staircase to the Orcish Mines.
 10269 | D:10     | Reached skill level 5 in Armour
 10499 | D:10     | Reached XP level 11. HP: 59/59 MP: 20/20
 10505 | D:10     | Reached skill level 10 in Dodging
 10514 | D:10     | Reached skill level 11 in Stealth
 10987 | D:10     | Found Bauq's General Store.
 11280 | D:10     | Killed an unseen horror
 12243 | Orc:1    | Entered Level 1 of the Orcish Mines
 12250 | Orc:1    | Received a gift from Trog
 12447 | Orc:1    | Received a gift from Trog
 12689 | Orc:1    | Found Ulopuin's Jewellery Shop.
 12732 | Orc:1    | Bought an uncursed amulet of faith for 520 gold pieces
 12810 | Orc:1    | Received a gift from Trog
 13146 | Orc:2    | Received a gift from Trog
 13471 | Orc:2    | Received a gift from Trog
 13610 | Orc:2    | Noticed Maurice
 13638 | Orc:2    | Killed Maurice
 13638 | Orc:2    | Reached skill level 12 in Stealth
 14016 | Orc:3    | Noticed an orc sorcerer
 14026 | Orc:3    | Noticed a sun demon
 14033 | Orc:3    | Killed an orc sorcerer
 14144 | Orc:4    | Entered Level 4 of the Orcish Mines
 14309 | Orc:3    | Found a staircase to the Elven Halls.
 14327 | Orc:3    | Received a gift from Trog
 14519 | Orc:3    | Reached XP level 12. HP: 41/65 MP: 21/21
 14533 | Orc:3    | Noticed an orc sorcerer
 14540 | Orc:3    | Killed an orc sorcerer
 15497 | Orc:3    | Received a gift from Trog
 15916 | Orc:4    | Reached skill level 10 in Short Blades
 16480 | Orc:4    | HP: 2/65 [orc priest/divine providence (13)]
 16480 | Orc:4    | Killed from afar by an orc priest

Action                   |  1- 3 |  4- 6 |  7- 9 | 10-12 || total
-------------------------+-------+-------+-------+-------++-------
Melee: Short sword       |   111 |   284 |   184 |       ||   579
       Dagger            |       |       |   155 |  1508 ||  1663
       Rapier            |       |       |    68 |       ||    68
       Unarmed           |       |       |    20 |     3 ||    23
       Hand axe          |       |       |     8 |       ||     8
 Fire: Blowgun           |       |       |       |     3 ||     3
Throw: Stone             |       |       |    50 |       ||    50
       Tomahawk          |       |       |       |    39 ||    39
Invok: Berserk           |     2 |     1 |     8 |    23 ||    34
       Trog's Hand       |       |     2 |     4 |     4 ||    10
       Brothers in Arms  |       |       |     1 |    11 ||    12
Evoke: Deck              |       |       |     2 |     2 ||     4
       Wand              |       |       |       |     1 ||     1
  Use: Scroll            |       |       |     4 |    15 ||    19
       Potion            |       |       |       |     2 ||     2
 Stab: Sleeping          |       |     2 |    11 |    28 ||    41
       Distracted        |       |       |     1 |     3 ||     4
  Eat: Chunk             |     7 |    12 |    20 |    54 ||    93
